[Event "MCCT Chessable Masters 2022"]
[Site "Online"]
[Date "2022.05.16"]
[Round "9.3"]
[White "Ding, Liren"]
[Black "Praggnanandhaa R"]
[Result "1-0"]
[ECO "E51"]
[WhiteElo "2806"]
[BlackElo "2642"]
[Annotator "TA"]
[PlyCount "89"]
[EventDate "2022.05.19"]
[EventType "tourn"]
[EventCountry "NET"]
[SourceTitle "playchess.com"]
[Source "ChessBase"]
[SourceQuality "1"]
[TimeControl "900+10"]

1. d4 Nf6 2. c4 e6 3. Nc3 Bb4 4. Nf3 O-O 5. e3 d5 6. Bd2 b6 7. cxd5 exd5 8. Rc1 {[%emt 0:00:00] E51: Nimzo-Indian: Rubinstein: 4...0-0 5 Nf3 d5.} Bd6 9. Nb5 {[%emt 0:02:20] [#]} c5 $146 (9... Ne4 {is interesting.} 10. Bd3 c5 11. dxc5 bxc5 12. O-O Nc6) ({Predecessor:} 9... Bg4 10. Be2 Ne4 11. Nxd6 Qxd6 12. O-O Nd7 13. h3 Bh5 14. Qc2 c5 15. dxc5 Ndxc5 {0-1 (40) Bruzon Batista,L (2644)-Bellahcene,B (2540) chess24.com INT 2019}) 10. dxc5 {[%emt 0:00:14] The position is equal.} bxc5 11. Be2 ({White should play} 11. Bc3 $14 Be7 12. Bxf6 gxf6 13. Nc3) 11... Be7 $15 12. O-O a6 13. Na3 Be6 14. Qa4 Nbd7 15. Rfd1 Ne4 16. Nb1 Qb8 17. Nc3 Ndf6 18. Qc2 Rd8 19. Be1 Qb7 20. b3 Rac8 21. Nxe4 Nxe4 22. Ba5 Rd6 23. Bd3 f5 24. Qe2 Bf6 25. Rc2 Rdc6 26. h3 Nd6 {[%emt 0:00:16] [#] White must now prevent ...c4.} 27. Qe1 Ne4 28. Bf1 Qa7 29. b4 d4 ({Better is} 29... c4 $11) 30. bxc5 $14 dxe3 31. Qxe3 {[%emt 0:00:03] [#] Threatens to win with Bb6.} Qf7 (31... Rxc5 $11 32. Bb4 R5c7 33. Qxa7 Rxa7 34. Rxc8+ Bxc8) 32. Bb4 Bxa2 33. Nd4 Bxd4 34. Rxd4 {[%emt 0:00:13][%cal Oc2a2] aiming for Rxa2!} (34. Qxd4 $6 Bb3 $14) 34... Be6 35. Bd3 Nf6 (35... h6 $16 36. Rc1 (36. Bxe4 fxe4 37. Rxe4 Bd5 $16) 36... Qg6) 36. Ba3 h6 37. Rc1 Kh8 38. Bc2 Bd7 39. Bb3 Qg6 40. Qd3 R6c7 41. Rd6 ({Resist} 41. Qxa6 $6 Bc6 42. Qf1 Ra8 $14) 41... Bc6 42. f3 {[%emt 0:00:01] Strongly threatening Rd8+.} Qg5 (42... Bb5 $16 43. Qe3 Rd7) 43. Bb2 Nh5 $2 (43... Bb5 44. Qd4 Re8) 44. h4 $18 Qf4 45. Rc4 {[%emt 0:00:10] Weighted Error Value: White=0.10 (very precise) /Black=0.19 (very precise)} 1-0

[Event "MCCT Chessable Masters 2022"]
[Site "Online"]
[Date "2022.05.16"]
[Round "9.4"]
[White "Hansen, Eric"]
[Black "Grandelius, Nils"]
[Result "1-0"]
[ECO "B52"]
[WhiteElo "2606"]
[BlackElo "2635"]
[Annotator "TA"]
[PlyCount "79"]
[EventDate "2022.05.19"]
[EventType "tourn"]
[EventCountry "NET"]
[SourceTitle "playchess.com"]
[Source "ChessBase"]
[SourceQuality "1"]
[TimeControl "900+10"]

1. e4 c5 2. Nf3 d6 3. Bb5+ Bd7 4. Bxd7+ Qxd7 5. O-O Nf6 6. Re1 Nc6 7. c3 e6 8. d3 Be7 9. Nbd2 O-O 10. a4 {[%emt 0:00:46] [#]} Ng4 $146 {[%emt 0:03:12] B52: Sicilian: Moscow Variation with 3...Bd7.} ({Predecessor:} 10... b6 11. h3 Qc7 12. Nf1 {½-½ (12) Klima,L (2334)-Vesselovsky,S (2306) Czech Republic 2020}) 11. d4 cxd4 12. cxd4 d5 {[%emt 0:01:13] The position is equal.} 13. e5 f6 14. h3 Nh6 15. Nb3 fxe5 16. Nxe5 (16. Bxh6 {feels hotter.} e4 17. Ne5 Nxe5 18. dxe5 gxh6 19. Rxe4 b6 20. Re3) 16... Nxe5 17. Rxe5 Nf5 18. Nc5 Bxc5 19. dxc5 Ne7 20. Qg4 Rf6 21. Rg5 Nf5 22. Bf4 {[%emt 0:00:22] Prevents Qc7.} (22. Qe2 $11) 22... h6 (22... Rc8 $5 ) 23. Rg6 {[%emt 0:00:31] And now Rxf6 would win.} Rxg6 24. Qxg6 Qf7 25. Qg4 Rc8 26. b4 a5 27. Be5 Ne7 (27... h5 $11 28. Qf4 Qd7) 28. Ra3 $1 $14 {[%emt 0:02:14] 0x0.001a281b8c75dp-1022s more active pieces.} Nc6 $2 {[%emt 0:00:52] [#]} (28... axb4 $16 29. Rf3 Nf5) 29. Bb2 $2 ({White must play} 29. Bxg7 $1 $18 Qf5 (29... Kh7 30. Bb2) 30. Qg3 (30. Bxh6+ Qxg4 31. hxg4 axb4 $11)) 29... axb4 {[%emt 0:00:09] [#]} (29... h5 $11 {keeps the balance.} 30. Qg5 axb4) 30. Rf3 $1 $16 Qe7 (30... h5 $16 31. Rxf7 hxg4 32. Rxg7+ Kf8) 31. Bxg7 $18 {[%emt 0:00:04] White wants to mate with Bf6+.} h5 $2 {[%emt 0:00:03] [#]} (31... Kh7 $18) 32. Qg6 $1 Qxg7 33. Qxe6+ Kh7 34. Qf5+ (34. Rf5 $142 Qg6 35. Rf7+ Qxf7 36. Qxf7+ Kh8 37. Qf6+ Kg8 38. Qe6+ Kg7 39. Qxc8) 34... Kh6 35. Qe6+ (35. Qxc8 $18 Ne5 36. Qe6+ Ng6 37. Qe3+ Kh7 38. Rf5) 35... Kh7 36. Qf5+ (36. Rf5 $142 Qg6 37. Rf7+ Qxf7 38. Qxf7+ Kh8 39. Qf6+ Kg8 40. Qe6+ Kg7 41. Qxc8) 36... Kh6 37. Qxc8 Nd4 {[%emt 0:00:00] Against Qe6+} 38. Rf8 {[%emt 0:00:11] Rh8+ would kill now.} Kh7 {[%emt 0:00:36] Against Rh8+} 39. Qe8 Ne2+ 40. Kh2 {[%emt 0:00:14] Weighted Error Value: White=0.83/Black=0.69} 1-0

[Event "MCCT Chessable Masters 2022"]
[Site "Online"]
[Date "2022.05.16"]
[Round "9.5"]
[White "Mamedyarov, Shakhriyar"]
[Black "Tari, Aryan"]
[Result "1/2-1/2"]
[ECO "D90"]
[WhiteElo "2770"]
[BlackElo "2654"]
[Annotator "TA"]
[PlyCount "135"]
[EventDate "2022.05.19"]
[EventType "tourn"]
[EventCountry "NET"]
[SourceTitle "playchess.com"]
[Source "ChessBase"]
[SourceQuality "1"]
[TimeControl "900+10"]

1. d4 Nf6 2. c4 g6 3. Nc3 d5 4. Nf3 Bg7 5. h4 c5 6. dxc5 {[%emt 0:00:07][%cal Rc4d5] D90: Grünfeld: 4 Nf3 Bg7 sidelines.} O-O {[%emt 0:00:20] 6...Be6 is the modern continuation.} 7. cxd5 Na6 $1 8. g3 $1 Nxc5 9. Bg2 Bf5 {[%emt 0:01:06] [#]} 10. Nd4 $146 ({Predecessor:} 10. O-O Nce4 11. Nxe4 Bxe4 12. d6 Qxd6 13. Qxd6 exd6 14. Rd1 Bc2 15. Rd2 Rac8 16. Ne1 {½-½ (30) Tabatabaei,M (2642)-Xiong,J (2707) Khanty-Mansiysk 2019}) 10... Be4 11. Nxe4 Ncxe4 12. Nb3 e6 13. d6 a5 14. Qd3 a4 15. Bxe4 Nxe4 16. Qxe4 {[%emt 0:00:00] [#] Bg5 is the strong threat.} axb3 17. a4 Qxd6 18. O-O Qa6 19. Ra3 Qc6 20. Qb4 Ra6 21. Rxb3 Rxa4 22. Qxb7 Qc2 23. Qb5 Rd4 24. Rc3 Qe4 25. Re3 Qc2 26. b3 Rd5 27. Qc4 Rc8 28. Qxc2 Rxc2 29. Re4 Rb5 30. Rd1 {[%emt 0:00:06] [#] Threatening mate with Rd8+.} Rd5 {[%emt 0:00:02] Inhibits Rd8+.} (30... Rxb3 {leads to mate.} 31. Rd8+ Bf8 32. Bh6 Rb1+ 33. Kg2) 31. Rf1 Rb5 32. b4 Bf8 33. Rd4 Be7 (33... Rxb4 $2 34. Rd8 Kg7 35. Ba3 $18) (33... Rxe2 $11 34. Bd2 Rf5) 34. Bd2 $14 Rd5 35. Rxd5 exd5 $16 {[%emt 0:00:00][%mdl 4096] Endgame KRB-KRB} 36. Rd1 Rb2 37. Bc3 Rb3 38. Rd3 Bxb4 39. Bxb4 Rxb4 40. Rxd5 {[%emt 0:00:02] KR-KR} h5 41. Kg2 Kg7 42. Kf3 Rb3+ 43. e3 Rb4 44. Rd3 Ra4 45. e4 Ra2 46. Ke3 Ra1 47. f3 Rb1 48. Kf4 Rb6 49. Rd7 Rf6+ 50. Ke3 Ra6 51. Rd3 Ra5 52. Kf4 Ra7 53. g4 ({White should try} 53. Rc3 $16) 53... hxg4 $11 54. fxg4 Ra1 {[%emt 0:00:21] The position is equal.} 55. h5 Rh1 56. Rd5 gxh5 57. gxh5 Rf1+ 58. Ke5 Kh6 59. Kd4 Rd1+ 60. Ke5 Rf1 61. Kd6 Rf6+ 62. Kc5 Rf1 63. Re5 Rh1 64. Kd6 {[%emt 0:00:10] aiming for Ke7.} Rxh5 65. Rxh5+ Kxh5 66. e5 Kg6 67. e6 fxe6 68. Kxe6 {[%emt 0:00:00] Weighted Error Value: White=0.02 (flawless) /Black=0.04 (flawless)} 1/2-1/2

[Event "MCCT Chessable Masters 2022"]
[Site "Online"]
[Date "2022.05.16"]
[Round "9.6"]
[White "Van Foreest, Jorden"]
[Black "Giri, Anish"]
[Result "0-1"]
[ECO "A05"]
[WhiteElo "2715"]
[BlackElo "2761"]
[Annotator "TA"]
[PlyCount "78"]
[EventDate "2022.05.19"]
[EventType "tourn"]
[EventCountry "NET"]
[SourceTitle "playchess.com"]
[Source "ChessBase"]
[SourceQuality "1"]
[TimeControl "900+10"]

1. Nf3 Nf6 2. b3 g6 3. Bb2 Bg7 4. g3 b5 5. Na3 b4 6. Nc4 {[%emt 0:00:06] [#] A05: Réti Opening: 1 Nf3 Nf6.} a5 $146 ({Predecessor:} 6... Bb7 7. Bg2 a5 8. O-O O-O 9. a3 c5 10. axb4 axb4 11. Rxa8 Bxa8 12. Qa1 Nc6 13. Qa6 Qc7 14. Ra1 Bb7 15. Qxc6 Bxc6 {0-1 (15) Schekachikhin,M (2406)-Buhmann,R (2580) Chess.com INT 2020}) 7. e4 O-O 8. e5 {[%emt 0:00:08] The position is equal.} Ne4 9. Bg2 d5 10. Ne3 c5 {[%emt 0:01:19] [#]} (10... e6 $15 {might be stronger.}) 11. O-O (11. Nxd5 $1 $11 a4 12. bxa4) 11... Nc6 {[%emt 0:00:03] [#]} (11... e6 $15) 12. Re1 ({White should play} 12. Nxd5 $1 $11 Qxd5 13. Ng5) 12... Be6 (12... e6 $15) 13. c4 (13. a3 $11) 13... bxc3 $1 $15 14. dxc3 a4 $1 ({Much worse is} 14... Nxe5 15. Nxe5 (15. Nxd5 Nxf2 16. Kxf2 Ng4+ 17. Kg1 Bxd5 $17) 15... Bxe5 16. Qc2 $11 (16. Nxd5 Bxd5 17. Bxe4 Bxe4 $11)) 15. bxa4 Nxe5 {[%emt 0:01:14] Black is more active.} (15... c4 $17) 16. Nxe5 $11 ({Not} 16. Nxd5 $2 Nc4 17. Nf4 Qxd1 18. Raxd1 Nxb2 $19) 16... Bxe5 17. Nxd5 Bxd5 18. Bxe4 Bxe4 19. Rxe4 Qxd1+ 20. Rxd1 Bd6 21. Bc1 Ra6 22. Bg5 f6 23. Bf4 Bxf4 24. gxf4 $15 {[%emt 0:00:07][%mdl 4096] Endgame KRR-KRR} Kf7 25. Rde1 Ra7 26. Kg2 Rd8 27. R1e2 Rd6 28. f5 (28. Rc4 $11) 28... gxf5 $17 29. Rh4 {[%emt 0:00:02] [#]} Kg6 (29... Kg7 $1 $17) 30. Re3 $1 $11 h6 31. Rg3+ Kf7 32. Rxh6 Rxa4 33. Rh7+ Ke6 $1 34. h4 f4 35. Rf3 (35. Rgg7 $2 Rd7 36. Rh5 Rd2 $17) 35... Rd8 36. Rg7 {[%emt 0:00:15] Prevents Rg8.} Rh8 37. Kh3 (37. Rh3 $1 $15) 37... Kf5 ({And not} 37... Rxa2 38. Rxf4 Re2 39. Kg3 $11) (37... f5 $19 {aiming for ...Kf6.} 38. Rg1 Ke5 39. Re1+ Re4) 38. Rxe7 $17 Raa8 {[%emt 0:00:04][%cal Oh8h4] White must now prevent ...Rxh4+!} (38... c4 $5 39. Rg7 Ke4 $15) 39. Rc7 $2 (39. Rd3 $11) 39... Ke4 {[%emt 0:00:13] Weighted Error Value: White=0.45/Black=0.17 (very precise)} 0-1

[Event "MCCT Chessable Masters 2022"]
[Site "Online"]
[Date "2022.05.16"]
[Round "9.7"]
[White "Mishra, Abhimanyu"]
[Black "Wei, Yi"]
[Result "1-0"]
[ECO "B92"]
[WhiteElo "2535"]
[BlackElo "2727"]
[Annotator "TA"]
[PlyCount "79"]
[EventDate "2022.05.19"]
[EventType "tourn"]
[EventCountry "NET"]
[SourceTitle "playchess.com"]
[Source "ChessBase"]
[SourceQuality "1"]
[TimeControl "900+10"]

1. e4 c5 2. Nf3 d6 3. d4 cxd4 4. Nxd4 Nf6 5. Nc3 a6 6. Be2 e5 7. Nb3 Be7 8. Be3 Be6 9. Nd5 $1 {[%emt 0:00:01][%mdl 4] is currently scoring better than 9.0-0.} Nbd7 10. Qd3 O-O {[%emt 0:00:05] B92: Sicilian Najdorf: 6 Be2.} 11. O-O-O Bxd5 12. exd5 Nb6 {[%emt 0:00:14] [#] The position is equal.} 13. Kb1 $146 ({Predecessor:} 13. Bf3 Qc7 14. Kb1 Nc4 15. Bc1 b5 16. g4 Rfe8 17. Rde1 a5 18. Nd2 Nxd2+ 19. Bxd2 {1-0 (57) Lobanov,S (2427)-Kavyev,R (2057) St Petersburg 2017}) 13... Nfxd5 14. Bd2 $1 Qc8 15. Bf3 {[%emt 0:02:59] A strong pair of Bishops.} Nf6 16. Bg5 Re8 (16... Rd8 $17) 17. Bxf6 Bxf6 18. Be4 d5 19. Bxd5 Nxd5 20. Qxd5 e4 21. Qd7 {[%emt 0:02:44] Inhibits Qg4.} Qc4 22. Qxb7 a5 {[%emt 0:01:39][%cal Ba6a5,Ba5a4,Ba4a3][%mdl 32] And now ...Rac8 would win.} 23. Qd5 Qe2 (23... Qc8 $11 24. Qd7 Qc4) 24. Rhe1 $1 $14 Qxf2 {[%emt 0:01:15] Hoping for ...a4.} 25. Rxe4 a4 (25... Red8 $2 26. Qxd8+ Rxd8 27. Rxd8+ Bxd8 28. Re8#) 26. Nc5 (26. Rxe8+ $14 Rxe8 27. Qc6) 26... Rec8 $11 {[%emt 0:00:30] [#] Strongly threatening ...Rab8.} 27. c3 $1 {[%emt 0:01:52][%cal Od1e1] Active counter play!} Rab8 28. Nd3 {[%emt 0:00:28] [#]} (28. Nxa4 $11 Bxc3 29. b3) 28... Qa7 ({Black should play} 28... Bxc3 $1 $17 {[%cal Rb8b2] ( -> ...Rxb2+)} 29. Re8+ (29. Nxf2 $2 {is a self mate.} Rxb2+ 30. Kc1 Bd4+) 29... Rxe8 30. Nxf2 Rxb2+ 31. Kc1 Rxf2) 29. Rb4 a3 30. b3 ({Reject} 30. Rxb8 Qxb8 31. b3 Bxc3 $15) (30. g3 $11) 30... Qc7 ({Don't play} 30... Rxc3 31. Rxb8+ Qxb8 32. Ne5 $1 $11) (30... Rd8 $15 31. Rxb8 Qxb8) 31. Rxb8 Rxb8 32. c4 Rd8 33. Qe4 h5 34. Nf2 {[%emt 0:00:15] Black must now prevent Rxd8+.} Rb8 (34... Rxd1+ $11 {is more appropriate.} 35. Nxd1 g6) 35. g3 Qa5 36. Rd3 Qc5 (36... Kf8 $11) 37. Nd1 Qg1 38. Qe2 h4 39. g4 (39. Kc2 $14) 39... h3 {[%emt 0:00:34] [#]} (39... Kf8 $11 {keeps the balance.}) 40. Kc2 $1 {[%emt 0:00:16] Weighted Error Value: White=0.21 (precise) /Black=0.27 (precise)} 1-0

[Event "MCCT Chessable Masters 2022"]
[Site "Online"]
[Date "2022.05.16"]
[Round "9.8"]
[White "Shankland, Sam"]
[Black "Vidit, Santosh Gujrathi"]
[Result "0-1"]
[ECO "A29"]
[WhiteElo "2718"]
[BlackElo "2723"]
[Annotator "TA"]
[PlyCount "66"]
[EventDate "2022.05.19"]
[EventType "tourn"]
[EventCountry "NET"]
[SourceTitle "playchess.com"]
[Source "ChessBase"]
[SourceQuality "1"]
[TimeControl "900+10"]

1. c4 e5 2. g3 Nf6 3. Bg2 d5 4. cxd5 Nxd5 5. Nf3 Nc6 6. O-O Nb6 7. Nc3 Be7 8. a3 O-O 9. d3 Be6 10. Be3 f5 11. Rc1 Kh8 12. Na4 {[%emt 0:00:31] A29: English Opening: Four Knights Variation with 4 g3.} e4 $5 {[%emt 0:02:45][%mdl 4] [#] Exploring less charted territory.} 13. Ne1 $146 ({Predecessor:} 13. Nd2 exd3 14. Nc5 Bxc5 15. Bxc5 dxe2 16. Qxe2 Re8 17. Rfe1 Bf7 18. Qd1 Qf6 19. Bxc6 bxc6 {½-½ (40) Hujo,J (2138)-Serbin,R (1939) Slovakia 2010}) 13... Nd5 14. Bc5 {[%emt 0:00:10] White is slightly better.} Nf6 $1 15. Bxe7 (15. b4 $142) 15... Qxe7 $11 16. Nc5 Bd5 17. dxe4 fxe4 18. Rc3 b6 {[%emt 0:01:45] White is on the road to losing.} 19. Nb3 Ne5 20. Nc2 Rad8 {[%emt 0:00:05] aiming for ...Bxb3. Black is more active.} 21. Ne3 Bb7 22. Qc2 c5 23. Nd2 {[%emt 0:00:17] [#]} (23. Nc1 $17) 23... Nc6 $1 $19 24. Nb3 ({Wrong is} 24. Nxe4 $2 Nd4 25. Nf5 Nxf5 $19) (24. Re1 $142) 24... Qe6 25. Rc4 (25. h3 $142) 25... Ba6 26. Rxe4 (26. Re1 $142) 26... Nxe4 27. Bxe4 {[%emt 0:00:01] [#]} Bxe2 $1 28. Re1 Bf3 29. Bf5 (29. Bxf3 Rxf3 30. Nd2) 29... Qh6 {[%emt 0:00:17] Black is clearly winning.} 30. Nc4 Qh5 31. Be4 Rde8 {[%emt 0:00:26] ...Qh3 is the strong threat.} 32. Ncd2 Ne5 {[%emt 0:00:35] ( -> ...Qh3)} 33. Re3 Bd1 {[%emt 0:00:31] Weighted Error Value: White=0.73/Black=0.19 (very precise)} 0-1

[Event "MCCT Chessable Masters 2022"]
[Site "Online"]
[Date "2022.05.16"]
[Round "10.1"]
[White "Carlsen, Magnus"]
[Black "Vidit, Santosh Gujrathi"]
[Result "1-0"]
[ECO "B07"]
[WhiteElo "2864"]
[BlackElo "2723"]
[Annotator "TA"]
[PlyCount "135"]
[EventDate "2022.05.19"]
[EventType "tourn"]
[EventCountry "NET"]
[SourceTitle "playchess.com"]
[Source "ChessBase"]
[SourceQuality "1"]
[TimeControl "900+10"]

1. d3 c5 2. e4 Nc6 3. f4 g6 4. Nf3 Bg7 5. Be2 d6 6. O-O Nf6 7. Qe1 O-O 8. Nc3 Nd4 {[%emt 0:00:33] B07: Pirc Defence: Miscellaneous Systems.} 9. Bd1 Bd7 10. Qh4 Bg4 {[%emt 0:01:22] The position is equal.} 11. Nxd4 cxd4 12. Ne2 Rc8 13. Qf2 Qb6 {[%emt 0:01:15] [#]} 14. h3 $146 ({Predecessor:} 14. c4 dxc3 15. Qxb6 axb6 16. Nxc3 Bxd1 17. Rxd1 Nd7 18. Nd5 {0-1 (50) Berczes,D (2446)-Kozak,A (2502) Budapest 2020}) 14... Bxe2 15. Qxe2 Rc7 16. Qf2 Nd7 17. a4 a5 18. Ra3 Nc5 19. f5 Qc6 20. Bd2 Nxa4 21. c4 Nxb2 22. Bf3 {[%emt 0:00:30] [#] aiming for e5.} b5 (22... a4 $1 $11 {keeps the balance.}) 23. Bxa5 $16 {[%emt 0:00:32][%mdl 64] Hoping for cxb5. Discovered Attack. White now steadily converts the win.} Nxd3 24. Rxd3 {[%emt 0:00:04] Black must now prevent e5.} bxc4 {[%emt 0:00:01] [#]} 25. f6 $1 {[%emt 0:01:14] White is more active.} cxd3 (25... Bxf6 26. e5) 26. fxg7 Kxg7 27. Bxc7 ({But not} 27. Qxd4+ $6 e5 28. Qf2 Rb7 $11) 27... Qxc7 28. Qxd4+ Kg8 29. Qxd3 Qc5+ 30. Kh1 Kg7 31. Bd1 Qe5 32. Bb3 e6 33. Bd1 Ra8 34. Qf3 Rf8 35. Be2 h5 36. Bc4 Kg8 37. Rb1 Kg7 38. Rb7 Qa1+ 39. Bf1 Qf6 40. Rd7 Qe5 41. g3 Kg8 42. Bg2 Kg7 43. h4 Qd4 44. Qf4 Qe5 45. Rxd6 Qxf4 46. gxf4 $18 {[%emt 0:00:00][%mdl 4096] Endgame KRB-KR} Rc8 47. Rd3 Rc2 48. Kh2 Kf6 49. Kg3 Ra2 50. Bf3 Ke7 51. Rb3 Kf6 52. e5+ Kg7 53. f5 gxf5 54. Bxh5 f6 $2 (54... Ra7 {is more resistant.} 55. Kf4 Kh6) 55. Rb7+ Kh6 56. Bf3 ({Less strong is} 56. Bf7 Ra3+ 57. Kg2 Ra2+ 58. Kg1 Ra1+ 59. Kh2 Ra2+ 60. Kg3 Ra3+ 61. Kh2 fxe5 $14) 56... fxe5 57. Rb6 e4 (57... Ra5 $142 58. Rxe6+ Kg7) 58. Rxe6+ Kg7 59. Bh5 Ra5 60. Kf4 {[%emt 0:00:04] White threatens Bg6 and mate.} Rc5 61. Bg6 {[%emt 0:00:17] White mates.} e3 62. Bxf5 Rc4+ 63. Kg5 Rc7 64. Rxe3 Kf8 65. Kh6 Kg8 66. Re8+ Kf7 67. Bg6+ Kf6 68. h5 {[%emt 0:00:05] Weighted Error Value: White=0.07 (flawless) /Black=0.30} 1-0

[Event "MCCT Chessable Masters 2022"]
[Site "Online"]
[Date "2022.05.16"]
[Round "10.2"]
[White "Wei, Yi"]
[Black "Shankland, Sam"]
[Result "1/2-1/2"]
[ECO "D43"]
[WhiteElo "2727"]
[BlackElo "2718"]
[Annotator "TA"]
[PlyCount "102"]
[EventDate "2022.05.19"]
[EventType "tourn"]
[EventCountry "NET"]
[SourceTitle "playchess.com"]
[Source "ChessBase"]
[SourceQuality "1"]
[TimeControl "900+10"]

1. d4 d5 2. c4 c6 3. Nf3 Nf6 4. Nc3 e6 5. Qd3 Nbd7 6. e4 dxc4 7. Qxc4 Be7 {[%emt 0:00:01] D43: Semi-Slav: 5 Bg5 h6.} 8. Bf4 O-O 9. Be2 {[%emt 0:00:44] [#]} c5 $146 (9... a6 $11 {remains equal.}) ({Predecessor:} 9... Nb6 10. Qb3 Ne8 11. O-O Bf6 12. Rfd1 g6 13. a4 Qe7 14. a5 Nd7 15. Bh6 Bg7 16. Bxg7 Kxg7 {1-0 (22) Cruz Pino,A (2121)-Grube,K (1633) Gran Canaria 2019}) 10. dxc5 Nxc5 11. Rd1 Bd7 12. b4 Na6 (12... b5 $1 $14 {is more appropriate.} 13. Qd4 (13. Nxb5 Ncxe4 14. Nc7 Rb8 $15) 13... Na4) 13. a3 $16 Rc8 14. Qb3 $36 {[%emt 0:01:09][%mdl 2048] White is really pushing.} Qb6 15. e5 Nd5 16. Nxd5 exd5 17. O-O ({Don't play} 17. Qxd5 $6 Ba4 18. Be3 Qg6 $11) (17. Rxd5 $2 Be6 18. Qd1 Bxd5 19. Qxd5 Rc3 $17) (17. Be3 {is more complex.} Qg6 18. O-O Bh3 19. Ne1) 17... Nc7 18. Nd4 a5 19. Be3 $1 axb4 {[%emt 0:01:08] [#]} 20. Nf5 $1 Qe6 21. Bg4 {[%emt 0:00:08][%cal Of5h6] 0x0.001df4e0ac5adp-1022s more active pieces.} Kh8 (21... Qxe5 $2 22. Bd4 Qe4 23. f3 Qxf5 24. Bxf5 Bxf5 25. axb4 $18) (21... bxa3 $2 22. Nh6+ $1 Qxh6 23. Bxh6 Bxg4 24. Qg3 gxh6 25. Qxg4+ Kh8 26. Qd7 $18) 22. Bd4 (22. axb4 $16 {Strongly threatening h3.} Ra8 23. Rc1) 22... Nb5 23. axb4 {[%emt 0:02:05] And now Bh3 would win.} Rc4 24. Bh3 (24. Ne3 $14 Nxd4 25. Bxe6 Nxb3 26. Bxd7) 24... Nxd4 25. Nxd4 {[%emt 0:00:12][%mdl 64] Pin} Qb6 26. Bxd7 {[%emt 0:02:21] Threatens to win with Nf5.} Rxd4 27. b5 Qc5 28. Qf3 Re4 29. Rfe1 Rxe1+ 30. Rxe1 Qd4 31. g3 g6 32. Kg2 Kg7 33. h4 h5 34. Qe2 Ra8 35. Rd1 Qc4 36. Qf3 Bc5 {[%emt 0:00:19] [#]} (36... Ra2 $11 {keeps the balance.}) 37. Qxd5 (37. Qf6+ $1 $16 Kh6 38. Bf5 (38. Qxf7 Rf8 $17)) 37... Qxd5+ $14 38. Rxd5 $16 {[%emt 0:00:02][%mdl 4096] Endgame KRB-KRB} b6 39. Rd2 Rd8 40. f4 Kf8 {[%emt 0:00:05] ...Ke7 is the strong threat.} 41. Rd5 Ke7 42. Bc6 Rxd5 43. Bxd5 $14 {[%emt 0:00:00] KB-KB} Bd4 44. Kf3 Bc3 45. g4 Be1 46. gxh5 gxh5 47. f5 f6 48. exf6+ Kxf6 {[%emt 0:00:01] The position is equal.} 49. Bc6 Bxh4 50. Be8 Kxf5 51. Bxh5 Ke5 {[%emt 0:00:02] Weighted Error Value: White=0.10 (very precise) /Black=0.11 (very precise)} 1/2-1/2

[Event "MCCT Chessable Masters 2022"]
[Site "Online"]
[Date "2022.05.16"]
[Round "10.3"]
[White "Giri, Anish"]
[Black "Mishra, Abhimanyu"]
[Result "1-0"]
[ECO "D46"]
[WhiteElo "2761"]
[BlackElo "2535"]
[Annotator "TA"]
[PlyCount "83"]
[EventDate "2022.05.19"]
[EventType "tourn"]
[EventCountry "NET"]
[SourceTitle "playchess.com"]
[Source "ChessBase"]
[SourceQuality "1"]
[TimeControl "900+10"]

1. Nf3 d5 2. d4 Nf6 3. c4 c6 4. e3 e6 5. Bd3 dxc4 6. Bxc4 Nbd7 7. O-O Bd6 8. Nc3 b5 {[%emt 0:00:01] is cutting edge theory. D46: Semi-Slav: 5 e3 Nbd7 6 Bd3, Black avoids the Meran.} 9. Bb3 b4 10. Na4 Bb7 {[%emt 0:01:39] White has an edge.} 11. e4 $5 {[%emt 0:00:05][%mdl 4] Leaves trodden paths.} Nxe4 12. Re1 Nef6 13. Ng5 $1 O-O {[%emt 0:03:11] [#]} 14. Nxe6 $146 ({Predecessor:} 14. Qd3 Re8 15. Bc2 g6 16. Qh3 Qc7 17. Re4 c5 18. Rh4 h5 19. dxc5 Nxc5 20. Be3 {0-1 (33) Matsuura,F (2289)-Quintiliano Pinto,R (2378) Pocos de Caldas 2014}) 14... fxe6 15. Rxe6 Nd5 16. Rxd6 Qe7 {[%emt 0:00:18] [#]} 17. Rxd7 $1 Qxd7 18. Nc5 Qf7 19. f3 {[%emt 0:00:09][%mdl 1024] White has compensation.} Bc8 20. Bd2 a5 21. Be1 Bf5 22. Bg3 Kh8 23. Qd2 Rfe8 24. Be5 Ra7 25. a3 Rea8 26. h3 Bg6 27. Kh2 Kg8 28. Bc4 Kh8 29. Qe1 Kg8 30. Qg3 Re8 31. Ne4 {[%emt 0:00:16] And now axb4 would win.} ({But not} 31. axb4 axb4 32. Rc1 (32. Rxa7 Qxa7 33. Na6 Qe7 $14) 32... Kh8 $14) 31... Qe7 32. h4 {[%emt 0:01:08][%cal Oh4h5] Hoping for h5! White is much more active.} Kh8 (32... bxa3 $16 33. bxa3 (33. Rxa3 Kh8 $14) 33... Kh8) 33. Nd6 $18 {[%emt 0:04:02] Strongly threatening Bxd5.} Rf8 (33... Rd8 $142) 34. Re1 $2 (34. Bxd5 $18 {and White stays clearly on top.} cxd5 35. axb4) 34... Rd7 (34... bxa3 $142 35. bxa3 Nf6) 35. axb4 axb4 36. Rc1 {[%emt 0:00:31] Threatens to win with Bxd5.} Ne3 37. Ba6 (37. Bb3 $16) 37... Qd8 38. Rxc6 (38. h5 $5 Bxh5 39. Rxc6 $16) 38... Qa5 $2 {[%emt 0:00:24][%mdl 8192] Loses the game.} (38... Qa8 $14 39. Bb5 Qxc6 40. Bxc6 Nf1+ 41. Kh3 Nxg3 42. Bxd7 Nf5) 39. Qg5 {[%emt 0:00:05] White is clearly winning.} Nd5 40. Bc4 {[%emt 0:00:08] Black must now prevent Bxd5. A strong pair of Bishops.} Ne7 {[%emt 0:00:05] [#]} 41. Bxg7+ $1 Kxg7 42. Qxa5 {[%emt 0:00:00] Weighted Error Value: White=0.19 (very precise) /Black=0.20 (precise)} 1-0